 Dungeon Crawl Stone Soup version 0.31-a0-325-g067879e3d3 (webtiles) character file.

Game seed: 5974860939762153268

497 cforsyth the Changeling (level 6, 0/72 HPs)
             Began as a Vampire Shapeshifter on July 18, 2023.
             Slain by Pikel
             ... wielding a +2 whip of freezing
              (2 damage)
             ... on level 5 of the Dungeon.
             The game lasted 00:06:22 (3216 turns).

cforsyth the Changeling (Vampire Shapeshifter)      Turns: 3216, Time: 00:06:23

Health: 0/72       AC: 23    Str: 16      XL:     6   Next: 93%
Magic:  6/6        EV:  2    Int: 14 (16) God:
Gold:   186        SH:  0    Dex: 14 (15) Spells: 5/5 levels left

rFire   . .          .
                       - Unarmed
rCold   . . .        (no shield)
rNeg    + . .        s - melded +0 plate armour
rPois   +            (helmet currently unavailable)
rElec   .            (cloak currently unavailable)
rCorr   .            (gloves currently unavailable)
SInv    +            r - melded +0 pair of boots
Will    .....        (no amulet)
Stlth   +            o - ring of positive energy
HPRegen 0.52/turn    e - +6 ring of intelligence
MPRegen 0.10/turn

%: no passive effects
@: tree-form, healing quickly
A: stationary, stasis, torment immunity, boosted hp, alive, (fangs 3), see
invisible, vampiric 2
a: Exsanguinate


You were on level 5 of the Dungeon.
You were a tree.
You visited 1 branch of the dungeon, and saw 5 of its levels.

You collected 186 gold pieces.

Inventory:

Armour
 a - a +0 animal skin
 g - a +0 helmet of see invisible
 r - a +0 pair of boots (melded)
 s - a +0 plate armour (melded)
Jewellery
 e - a +6 ring of intelligence (right branch)
 i - a ring of ice
 o - a ring of positive energy (left branch)
 w - a +5 ring of evasion
Talismans
 c - a beast talisman
Scrolls
 f - a scroll of vulnerability {unknown}
 m - a scroll of noise
 n - a scroll of torment {unknown}
 p - a scroll of teleportation {unknown}
 q - 2 scrolls of fog {unknown}
 t - 2 scrolls of identify {unknown}
 u - a scroll of immolation {unknown}
 v - a scroll of revelation {unknown}
Potions
 b - a potion of lignification
 h - a potion of degeneration
 k - a potion of attraction


   Skills:
 + Level 4.2 Fighting
 - Level 2.1 Dodging
 + Level 5.0 Unarmed Combat
 + Level 5.0 Shapeshifting


You had 5 spell levels left.
You didn't know any spells.
Your spell library was empty.

Dungeon Overview and Level Annotations

Branches:
Dungeon (5/15)
 Temple: D:4-7

Altars:
Cheibriados
Fedhas
Trog

Annotations:
D:5 Edmund, Pikel


Innate Abilities, Weirdness & Mutations

You are a tree.
Your roots penetrate the ground, keeping you stationary.
You cannot be teleported.
You are immune to unholy pain and torment.
Your maximum health is greatly increased.
Your equipment is partially melded.
Your natural rate of healing is accelerated.
((You have razor-sharp teeth.))
You have supernaturally acute eyesight. (SInv)
You are afflicted with vampirism and can become a bat while bloodless.


Message History

Edmund is almost dead.
Edmund hits you with a +2 flail of protection.
Pikel hits you with a +2 whip of freezing.
Pikel freezes you. The orc hits you but does no damage.
You hit Edmund.
Edmund is almost dead.
You barely miss Edmund.
Edmund is almost dead.
Pikel hits you but does no damage. The orc hits you but does no damage.
Edmund hits you with a +2 flail of protection!
* * * LOW HITPOINT WARNING * * *
You hit Edmund but do no damage.
Edmund is almost dead.
The orc hits you but does no damage.
Edmund hits you with a +2 flail of protection!
* * * LOW HITPOINT WARNING * * *
Pikel hits you but does no damage.
It was a potion of curing.
You feel better. Pikel hits you but does no damage.
The orc hits you with a +0 dagger.
* * * LOW HITPOINT WARNING * * *
Edmund hits you but does no damage.
You hit Edmund.
Edmund is almost dead.
Pikel completely misses you. The orc hits you but does no damage.
Edmund hits you with a +2 flail of protection.
* * * LOW HITPOINT WARNING * * *
You barely miss Edmund.
Edmund is almost dead.
The orc hits you with a +0 dagger.
* * * LOW HITPOINT WARNING * * *
Pikel hits you but does no damage.
Edmund hits you with a +2 flail of protection.
* * * LOW HITPOINT WARNING * * *
You closely miss Edmund.
Edmund is almost dead.
The orc hits you but does no damage. Edmund barely misses you.
Pikel hits you with a +2 whip of freezing.
* * * LOW HITPOINT WARNING * * *
Pikel freezes you.
You die...

#### #.# #.. #.# #### #
# #.# #.##... .. ###.#
.....o .# ....######
#.#.. ..# .........#
#.#.#+# ...#
.........###.#.#.#o...#
.######.........♣@o...#
.. ##........oK...?#
.#. #.###.##.......#
.... ......##+.........
.. #.....# #.....#### .
#....## #.###+# #
#...## #.# ## #..## #.#
.##


You could see Edmund, Pikel and 3 orcs.

Vanquished Creatures
  Sigmund (D:4)
  A scorpion (D:4)
  A jelly (D:4)
  A sleepcap (D:4)
  A hound (D:4)
  An iguana (D:4)
  An orc wizard (D:4)
  Robin (D:4)
  2 adders
  2 ufetubi (D:4)
  A worm (D:2)
  A dart slug (D:1)
  5 orcs
  10 ball pythons
  4 bats
  4 endoplasms
  4 giant cockroaches
  18 goblins
  8 hobgoblins
  4 jackals (D:3)
  3 quokkas
  6 frilled lizards
  3 kobolds
  3 rats
86 creatures vanquished.

Notes
Turn   | Place    | Note
-------+----------+-------------------------------------------
     0 | D:1      | cforsyth the Vampire Shapeshifter began the quest for the
                  | Orb.
     0 | D:1      | Reached XP level 1. HP: 16/16 MP: 1/1
   122 | D:1      | Reached XP level 2. HP: 22/22 MP: 2/2
   433 | D:1      | Gained mutation: You are afflicted with vampirism and can
                  | become a bat while bloodless. [Vampire growth]
   433 | D:1      | Reached XP level 3. HP: 23/28 MP: 3/3
  1697 | D:3      | Reached XP level 4. HP: 34/34 MP: 4/4
  2005 | D:4      | Found a snail-covered altar of Cheibriados.
  2011 | D:4      | Found a blossoming altar of Fedhas.
  2013 | D:4      | Found a bloodstained altar of Trog.
  2094 | D:4      | Identified the +1 helmet "Liheo" {Will- Str+4}
  2094 | D:4      | Noticed Robin
  2098 | D:4      | Noticed Sigmund
  2191 | D:4      | Killed Robin
  2200 | D:4      | Killed Sigmund
  2201 | D:4      | Reached XP level 5. HP: 36/41 MP: 5/5
  2275 | D:4      | Reached XP level 6. HP: 48/48 MP: 6/6
  2725 | D:4      | HP: 2/48 [poisoned by a scorpion]
  3045 | D:5      | Entered Level 5 of the Dungeon
  3068 | D:4      | Reached skill level 5 in Shapeshifting
  3113 | D:4      | Reached skill level 5 in Unarmed Combat
  3194 | D:5      | Noticed Edmund
  3197 | D:5      | Noticed Pikel
  3216 | D:5      | HP: 2/72 [Pikel/+2 whip of freezing (6)]
  3216 | D:5      | Slain by Pikel

Illustrated notes

Levels and vault maps discovered:
D:1:      shiori_arrival_maze, layout_loops_ring, minmay_3d_cube
D:2:      layout_basic
D:3:      layout_loops_ring, minivault_26, minmay_crystal_water
D:4:      minmay_diamond_boxcup, layout_loops_ring,
          nicolae_overflow_macrodata_refinement, uniq_robin, uniq_sigmund
D:5:      lemuel_ratsnest, layout_basic, nicolae_ashenzari_panopticon,
          minmay_temple_entry_glassed_door, nicolae_ossuary_entry_plus,
          ebering_ghost_sewer_d, minmay_misc_feat_plants,
          chequers_serial_rivers_marsh, uniq_eustachio, uniq_pikel, uniq_edmund

Skill      XL: |  1  2  3  4  5  6 |
---------------+-------------------+-----
Fighting       | 2 3 4 |  4.2
Unarmed Combat | 3 4 5 |  5.0
Shapeshifting  | 4 5 |  5.0
Dodging        | |  2.1

Action                     |  1- 3 |  4- 6 || total
---------------------------+-------+-------++-------
  Melee: Unarmed           |   107 |   174 ||   281
         Bite              |    12 |    18 ||    30
         Punch             |     2 |     4 ||     6
    Use: Potion            |       |     7 ||     7
         Scroll            |       |     1 ||     1
   Stab: Sleeping          |     1 |       ||     1
 Armour: Animal skin       |     9 |       ||     9
         Plate armour      |       |   134 ||   134
         Skin              |       |    25 ||    25
  Dodge: Dodged            |    55 |    54 ||   109
         Form:             |       |     1 ||     1

Table legend: (Time is in decaauts)
 A = Elapsed time spent in this place.
 B = Non-inter-level travel time spent in this place.
 C = Inter-level travel time spent in this place.
 D = Time resting spent in this place.
 E = Time spent auto-exploring this place.
 F = Levels seen in this place.
 G = Mean time per level.
                   A        B        C        D        E       F      G
               +--------+--------+--------+--------+--------+-----+--------+
         Total |   3198 |   2993 |    205 |      0 |   2262 |   5 |  639.6 |
       Dungeon |   3198 |   2993 |    205 |      0 |   2262 |   5 |  639.6 |
               +--------+--------+--------+--------+--------+-----+--------+

Top non-repeatable levels by time:
     D:4: 1119 daAuts
     D:3: 791 daAuts
     D:1: 716 daAuts
     D:2: 470 daAuts
     D:5: 100 daAuts
